 Dungeon Crawl Stone Soup version 0.28-a0-863-g8cecda6153 (webtiles) character file.

Game seed: 560193273054092198

14174 porpoise the Thaumaturge (level 11, -8/63 HPs)
             Began as a Deep Elf Conjurer on Nov 19, 2021.
             Was an Initiate of Vehumet.
             Mangled by a sphinx (20 damage)
             ... while paralysed by a sphinx
             ... on level 10 of the Dungeon on Nov 20, 2021.
             The game lasted 00:46:45 (13248 turns).

porpoise the Thaumaturge (Deep Elf Conjurer)       Turns: 13248, Time: 00:46:45

Health: -8/63      AC:  7    Str:  5    XL:     11   Next: 85%
Magic:  5/31       EV:  2    Int: 36    God:    Vehumet [......]
Gold:   58         SH:  0    Dex: 10    Spells: 25/38 levels left

rFire   . . .      SeeInvis .   b - +0 hunting sling
rCold   . . .      Faith    .   q - +1 buckler
rNeg    + + .      Spirit   .   G - +1 robe {rN+}
rPois   +          Reflect  .   (no helmet)
rElec   .          Harm     .   (no cloak)
rCorr   +          Rampage  .   T - +2 pair of gloves of the Robin {rPois rN+ Int+4 Dex-3}
Will    +....                   L - +0 pair of boots
Stlth   ++........              c - amulet of regeneration
HPRegen 1.20/turn               g - ring of resist corrosion
MPRegen 0.22/turn               r - +6 ring of intelligence

@: paralysed
A: no striking features
a: Renounce Religion


You were on level 10 of the Dungeon.
You worshipped Vehumet.
Vehumet was noncommittal.
You visited 2 branches of the dungeon, and saw 11 of its levels.
You also visited: Ossuary.

You collected 506 gold pieces.
You spent 448 gold pieces at shops.

Inventory:

Hand Weapons
 a - a +0 whip of electrocution
 b - a +0 hunting sling (weapon)
 J - a +4 hand axe
Missiles
 h - 104 stones (quivered ammo)
 k - 4 javelins
 o - 71 poisoned darts
 s - 2 throwing nets
 H - 43 sling bullets
 S - a curare-tipped dart
 U - 4 atropa-tipped darts
Armour
 i - a +0 pair of gloves
 q - a +1 buckler (worn)
 G - a +1 robe of positive energy (worn)
 L - a +0 pair of boots (worn)
 N - +0 swamp dragon scales
 T - the +2 pair of gloves of the Robin (worn) {rPois rN+ Int+4 Dex-3}
   (You bought it in a shop on level 7 of the Dungeon)

   Int:       It affects your intelligence (+4).
   Dex:       It affects your dexterity (-3).
   rPois:     It protects you from poison.
   rN:        It protects you from negative energy.
 V - +0 fire dragon scales
Magical Staves
 F - a staff of conjuration
Jewellery
 c - an amulet of regeneration (around neck)
 g - a ring of resist corrosion (left hand)
 r - a +6 ring of intelligence (right hand)
 u - a ring of fire
Wands
 I - a wand of acid (4)
 O - a wand of polymorph (7)
 R - a wand of flame (12)
Scrolls
 f - a scroll of enchant weapon {unknown}
 j - 4 scrolls of teleportation
 l - a scroll of blinking {unknown}
 v - 2 scrolls of amnesia
 w - a scroll of vulnerability
 y - 3 scrolls of holy word
 z - a scroll of fear
 D - 2 scrolls of summoning
 K - 3 scrolls of enchant armour
 P - a scroll of magic mapping {unknown}
 Q - a scroll of fog {unknown}
Potions
 d - 4 potions of lignification
 e - 2 potions of flight
 m - 4 potions of mutation
 n - 6 potions of curing
 p - a potion of magic
 t - 3 potions of brilliance
 x - 2 potions of ambrosia
 A - 2 potions of resistance
 B - 3 potions of heal wounds
 C - 2 potions of might
 E - a potion of haste
 M - 2 potions of degeneration {unknown}


   Skills:
 - Level 5.0 Fighting
 - Level 7.0 Dodging
 - Level 2.4 Stealth
 - Level 4.0 Shields
 - Level 14.0 Spellcasting
 - Level 7.0 Conjurations
 - Level 12.0 Hexes
 + Level 5.0 Necromancy
 - Level 5.0 Translocations
 + Level 4.6 Evocations


You had 25 spell levels left.
You knew the following spells:

 Your Spells              Type           Power      Damage    Failure   Level
a - Magic Dart            Conj           100%       1d8       1%          1
b - Searing Ray           Conj           100%       2d8       1%          2
c - Fulminant Prism       Conj/Hex       38%        3d18      1%          4
d - Iskenderun's Mystic   Conj/Tloc      62%        2d13      1%          4
u - Sublimation of Blood  Necr           58%        N/A       1%          2

Your spell library contained the following spells:

 Spells                   Type           Power      Damage    Failure   Level
 Animate Skeleton         Necr           100%       N/A       1%          1
 Pain                     Necr           100%       1d9       1%          1
 Dazzling Flash           Conj/Hex       100%       N/A       1%          3
 Gell's Gravitas          Tloc           57%        N/A       1%          3
 Teleport Other           Tloc           57%        N/A       1%          3
 Vampiric Draining        Necr           58%        2d10      1%          3
 Wereblood                Tmut           25%        N/A       2%          2
 Dispersal                Tloc           28%        N/A       30%         6
 Summon Hydra             Summ           12%        N/A       100%        7


Dungeon Overview and Level Annotations

Branches:
Dungeon (10/15)            Temple (1/1) D:5            Lair (0/6) D:9
    Orc (0/2) D:10        Ossuary (visited)

Altars:
Ashenzari
Cheibriados
Dithmenos
Elyvilon
Fedhas
Gozag
Hepliaklqana
Kikubaaqudgha
Makhleb
Nemelex Xobeh
Okawaru
Qazlal
Ru
Sif Muna
Trog
Uskayaw
Vehumet
Wu Jian
Xom
Zin
The Shining One

Shops:
D:3 :   D:7 [*

Annotations:
D:5 1 transporter, jejorda2's ghost, novice GrBe
D:6 2 transporters, Encipher's ghost, novice DrTm


Message History

Casting: Iskenderun's Mystic Blast (dangerous; 1% risk of failure)
Confirm with . or Enter, or press ? or * to list all spells.
You erupt in a blast of force!
The mystic blast hits the sphinx!!
The sphinx is moderately wounded.
The sphinx closely misses you. x2; The sphinx hits you but does no damage.
Casting: Iskenderun's Mystic Blast (dangerous; 1% risk of failure)
Confirm with . or Enter, or press ? or * to list all spells.
You erupt in a blast of force!
The mystic blast hits the sphinx!
The sphinx is heavily wounded.
You hear a horrible gurgling sound!
The sphinx hits you!! The sphinx closely misses you.
You block the sphinx's attack.
Casting: Iskenderun's Mystic Blast (dangerous; 1% risk of failure)
Confirm with . or Enter, or press ? or * to list all spells.
You erupt in a blast of force!
The mystic blast hits the sphinx!
The sphinx is severely wounded.
The sphinx is knocked back by the mystic blast.
Unknown command.
Casting: Iskenderun's Mystic Blast (dangerous; 1% risk of failure)
Confirm with . or Enter, or press ? or * to list all spells.
You erupt in a blast of force!
The mystic blast hits the sphinx!
The sphinx is severely wounded.
You hear a horrible gurgling sound!
Casting: Iskenderun's Mystic Blast (dangerous; 1% risk of failure)
Confirm with . or Enter, or press ? or * to list all spells.
You erupt in a blast of force!
The mystic blast hits the sphinx!
The sphinx is almost dead.
You hear a shout!
The sphinx mumbles some strange words.
You suddenly lose the ability to move!
The sphinx mumbles some strange words.
You struggle to resist.
The sphinx hits you!!
* * * LOW HITPOINT WARNING * * *
The sphinx hits you.
* * * LOW HITPOINT WARNING * * *
The sphinx hits you but does no damage.
You hear a shout!
A hornet comes into view.
The sphinx hits you!!
You die...

#.......)[...# ..#
+...........Z' ..#
####.##'#+##+### ..#
#..#..#....#.... ###'#
#..'..'....#.... ###...#
#..#..#....#....
###.....###'##.#######.##.
#.......#......#..#....#..
'.y.⌠.[.H@.....+..'....+..
#.......#####'###'########
###.....# ....#........#
###...# ....#........#
###'# ..#........+ ..#
..#........# ..#
########..##..## ..#
.......#...#....
.....#...#....


You could see a sphinx and a hornet.

Vanquished Creatures
  A fire dragon (D:10)
  Josephine (D:10)
  A catoblepas (D:10)
  A hydra (D:10)
  4 two-headed ogres
  A glowing orange brain (D:10)
  Pikel (D:4)
  Maggie (D:7)
  An unseen horror (D:10)
  A tengu conjurer (D:10)
  A troll (D:10)
  A hornet (D:9)
  4 wraiths
  3 wyverns
  14 yaks
  Eustachio (D:4)
  A basilisk (D:9)
  Menkaure (D:4)
  A steam dragon (D:10)
  3 water moccasins
  An orc warrior (D:6)
  An ice beast (D:7)
  2 ogres
  4 black bears
  2 necrophages
  3 centaurs
  A kobold brigand (D:9)
  3 lemures (D:4)
  Blork the orc (D:4)
  A gnoll sergeant (D:4)
  A wyvern zombie (D:5)
  A scorpion (D:3)
  9 water moccasin zombies
  A water moccasin skeleton (D:4)
  3 killer bees (D:9)
  A vampire bat (D:6)
  4 centaur zombies
  A jelly (D:5)
  An orc priest (D:5)
  2 bullfrog skeletons
  2 gnoll shamans
  4 hounds
  2 centaur skeletons
  5 iguanas
  10 orc wizards
  2 howler monkey zombies
  2 mummies (Ossuary)
  6 adders
  12 gnolls
  A shadow imp (D:7)
  An ufetubus (D:6)
  8 adder zombies (Ossuary)
  3 worms
  A dart slug (D:1)
  19 orcs
  13 bats
  6 endoplasms
  4 giant cockroaches
  6 gnoll zombies (Ossuary)
  7 hobgoblins
  8 jackals
  3 quokkas
  3 ball pythons
  7 goblins
  A hobgoblin zombie (Ossuary)
  7 kobolds
  3 kobold zombies (Ossuary)
  6 orc zombies (Ossuary)
  6 rats
244 creatures vanquished.

Vanquished Creatures (others)
  80 fulminant prisms
  A fungus (D:9)
  6 plants
87 creatures vanquished.

Grand Total: 331 creatures vanquished

Notes
Turn   | Place    | Note
-------+----------+-------------------------------------------
     0 | D:1      | porpoise the Deep Elf Conjurer began the quest for the Orb.
     0 | D:1      | Reached XP level 1. HP: 10/10 MP: 6/6
   225 | D:1      | Reached XP level 2. HP: 15/15 MP: 3/8
   280 | D:1      | Learned a level 2 spell: Searing Ray
  1014 | D:2      | Reached skill level 4 in Spellcasting
  1151 | D:2      | Found a faded altar of an unknown god.
  1203 | D:2      | Reached XP level 3. HP: 19/19 MP: 8/10
  1302 | D:2      | Reached skill level 5 in Conjurations
  1980 | D:3      | Reached XP level 4. HP: 21/24 MP: 9/12
  2022 | D:3      | Learned a level 4 spell: Fulminant Prism
  2027 | D:3      | Learned a level 4 spell: Iskenderun's Mystic Blast
  2041 | D:3      | Found Uqamoal's Book Shop.
  2049 | D:3      | Noticed a scorpion
  2053 | D:3      | Killed a scorpion
  2054 | D:3      | Reached skill level 5 in Spellcasting
  2231 | D:3      | Found a stormy altar of Qazlal.
  2377 | D:3      | Reached XP level 5. HP: 28/28 MP: 10/14
  2417 | D:3      | Found a glowing silver altar of Zin.
  2455 | D:3      | Found a bloodstained altar of Trog.
  2465 | D:3      | Found a hazy altar of Hepliaklqana.
  2895 | D:4      | Noticed Eustachio
  2906 | D:4      | Noticed a black bear
  3052 | D:4      | HP: 1/28 [river rat[Eustachio] (5)]
  3053 | D:4      | Killed Eustachio
  3054 | D:4      | Reached skill level 6 in Spellcasting
  3054 | D:4      | Reached XP level 6. HP: 2/32 MP: 7/17
  3139 | D:4      | Reached skill level 7 in Spellcasting
  3139 | D:4      | Reached skill level 5 in Hexes
  3174 | D:4      | Noticed Blork the orc
  3174 | D:4      | Noticed Menkaure
  3175 | D:4      | Found a sand-covered staircase.
  3182 | D:4      | Killed Menkaure
  3183 | D:4      | Reached skill level 1 in Translocations
  3183 | D:4      | Reached XP level 7. HP: 14/36 MP: 7/19
  3185 | D:4      | Killed Blork the orc
  3222 | Ossuary  | Entered an ossuary
  3869 | Ossuary  | Reached XP level 8. HP: 41/41 MP: 11/20
  3872 | Ossuary  | Reached skill level 5 in Translocations
  4646 | D:4      | Reached skill level 8 in Spellcasting
  4837 | D:4      | Noticed Pikel
  4978 | D:4      | Killed Pikel
  4979 | D:4      | Reached skill level 10 in Spellcasting
  5143 | D:5      | Entered Level 5 of the Dungeon
  5147 | D:5      | Reached XP level 9. HP: 46/46 MP: 17/25
  5155 | D:5      | Reached skill level 1 in Fighting
  5435 | D:5      | Found a staircase to the Ecumenical Temple.
  5442 | Temple   | Entered the Ecumenical Temple
  5552 | D:5      | Reached skill level 11 in Spellcasting
  5815 | D:5      | Found a transporter.
  5815 | D:5      | Noticed jejorda2's ghost (novice GrBe)
  6462 | D:5      | Found a glowing golden altar of the Shining One.
  7389 | D:6      | Reached skill level 12 in Spellcasting
  7833 | D:6      | Found a transporter.
  7866 | D:6      | Found a transporter.
  7911 | D:6      | Noticed Encipher's ghost (novice DrTm)
  8554 | D:7      | Found Qeng's Armour Shop.
  8574 | D:7      | Found Baism's Overcharged Wands.
  8634 | D:7      | Found a blossoming altar of Fedhas.
  9237 | D:7      | Noticed Maggie
  9245 | D:7      | Killed Maggie
  9246 | D:7      | Reached skill level 5 in Fighting
  9246 | D:7      | Reached XP level 10. HP: 59/59 MP: 18/28
  9415 | D:8      | Reached skill level 1 in Shields
  9720 | D:8      | Found a shimmering blue altar of Sif Muna.
  9818 | D:8      | Found a sparkling altar of Nemelex Xobeh.
  9940 | D:8      | Identified the +0 chain mail of Bitterness {Fly rN+ Dex-5}
 10260 | D:9      | Noticed a two-headed ogre
 10279 | D:9      | Killed a two-headed ogre
 10280 | D:9      | Reached skill level 10 in Hexes
 10453 | D:9      | Found a staircase to the Lair.
 11049 | D:9      | Noticed a two-headed ogre
 11058 | D:9      | Killed a two-headed ogre
 11194 | D:7      | Bought the +2 pair of gloves of the Robin {rPois rN+ Int+4
                  | Dex-3} for 448 gold pieces
 11207 | D:7      | Learned a level 2 spell: Sublimation of Blood
 11504 | D:10     | Entered Level 10 of the Dungeon
 11504 | D:10     | Noticed a two-headed ogre
 11508 | D:10     | Killed a two-headed ogre
 11509 | D:10     | Reached skill level 5 in Dodging
 11509 | D:10     | Reached XP level 11. HP: 63/63 MP: 16/29
 11663 | D:10     | Found a staircase to the Orcish Mines.
 11878 | D:10     | Found a hide-covered altar of Uskayaw.
 11937 | D:10     | Found a radiant altar of Vehumet.
 11938 | D:10     | Found a snail-covered altar of Cheibriados.
 11945 | D:10     | Became a worshipper of Vehumet
 11973 | D:10     | Noticed Josephine
 11976 | D:10     | Killed Josephine
 11980 | D:10     | Noticed a glowing orange brain
 11991 | D:10     | Killed a glowing orange brain
 11992 | D:10     | Reached skill level 13 in Spellcasting
 12165 | D:10     | Noticed a catoblepas
 12373 | D:10     | Noticed a fire dragon
 12440 | D:10     | Killed a fire dragon
 12441 | D:10     | Reached skill level 14 in Spellcasting
 12441 | D:10     | Reached skill level 1 in Necromancy
 12441 | D:10     | Reached skill level 1 in Evocations
 12582 | D:10     | Noticed a five-headed hydra
 12590 | D:10     | Killed a five-headed hydra
 12632 | D:10     | Killed a catoblepas
 12868 | D:10     | Noticed a two-headed ogre
 12875 | D:10     | Killed a two-headed ogre
 13208 | D:10     | Reached skill level 5 in Necromancy
 13236 | D:10     | Noticed a sphinx
 13246 | D:10     | Paralysed by a sphinx for 3 turns
 13248 | D:10     | Mangled by a sphinx

Illustrated notes

Levels and vault maps discovered:
D:1:      sevenhm_arrival_forest_fort_small_3, layout_loops_ring,
          minmay_liquid_box
D:2:      minmay_recursive_quarters, layout_rooms,
          hellmonk_ecumenical_altar_arch_garden
D:3:      layout_rooms, marbit_many_paths, mainiacjoe_overflow_alcove_1,
          nicolae_overflow_squiral, serial_shops, nicolae_shop_window_shopping,
          hangedman_decor_riveting, st_stairs_8
D:4:      layout_rooms, nicolae_ossuary_entry_ruins, uniq_pikel,
          uniq_blork_the_orc, uniq_eustachio, uniq_menkaure
D:5:      layout_basic, mainiacjoe_overflow_boulevard,
          minmay_temple_entry_wispy, gammafunk_ghost_mausoleum
D:6:      layout_rooms, serial_rivers, chequers_serial_rivers_micro_b,
          chequers_serial_rivers_marsh, chequers_serial_rivers_small_a,
          chequers_serial_rivers_large_a, chequers_serial_rivers_room_a,
          gammafunk_ghost_stat_death, roderic_batcave, grunt_decor_fettered
D:7:      layout_basic, fedhas_altar_4, nicolae_stop_n_shop_1,
          ebering_dispersal_statue_hall, corexii_leaking_fountain,
          nicolae_shop_overcharged_wands, uniq_maggie
D:8:      layout_gridville, nemelex_xobeh_ov_fountains_minmay, led_sif_book
D:9:      layout_roguey, david_lair_generic
D:10:     layout_grid_maze, mainiacjoe_overflow_six_doors_small,
          gammafunk_temple_overflow_pools, overflow_temple_1_default,
          orc_0_dummy, nicolae_rejected_hall, uniq_josephine
Temple:   cyrus_temple_forest

Skill      XL: |  1  2  3  4  5  6  7  8  9 10 11 |
---------------+----------------------------------+-----
Spellcasting   | 4 5 6 7 10 12 14 | 14.0
Conjurations   | 5 7 |  7.0
Hexes          | 2 4 5 7 8 12 | 12.0
Translocations | 1 4 5 |  5.0
Fighting       | 5 |  5.0
Shields        | 4 |  4.0
Dodging        | 5 7 |  7.0
Necromancy     | 5 |  5.0
Evocations     | 4 |  4.6
Stealth        | |  2.4

Action                   |  1- 3 |  4- 6 |  7- 9 | 10-12 || total
-------------------------+-------+-------+-------+-------++-------
Melee: Dagger            |       |     1 |       |       ||     1
 Fire: Hunting sling     |     4 |     5 |    47 |    11 ||    67
 Cast: Magic Dart        |    48 |    17 |    27 |       ||    92
       Searing Ray       |     9 |     9 |    69 |    37 ||   124
       Fulminant Prism   |       |     6 |    30 |    44 ||    80
       Iskenderun's Myst |       |     1 |     9 |    36 ||    46
Evoke: Wand              |       |       |       |     2 ||     2
  Use: Scroll            |       |       |    10 |    10 ||    20
       Potion            |       |       |       |     1 ||     1
Armor: Robe              |       |     8 |    18 |    11 ||    37
Dodge: Dodged            |     3 |    18 |    41 |    20 ||    82
Block: Buckler           |       |       |       |    11 ||    11

Table legend: (Time is in decaauts)
 A = Elapsed time spent in this place.
 B = Non-inter-level travel time spent in this place.
 C = Inter-level travel time spent in this place.
 D = Time resting spent in this place.
 E = Time spent auto-exploring this place.
 F = Levels seen in this place.
 G = Mean time per level.
                   A        B        C        D        E       F      G
               +--------+--------+--------+--------+--------+-----+--------+
         Total |  13285 |  12974 |    311 |   6210 |   4958 |  12 | 1107.1 |
       Dungeon |  12210 |  11924 |    286 |   5368 |   4908 |  10 | 1221.0 |
        Temple |     81 |     56 |     25 |      0 |     50 |   1 |   81.0 |
       Ossuary |    993 |    993 |      0 |    842 |      0 |   1 |  993.0 |
               +--------+--------+--------+--------+--------+-----+--------+

Top non-repeatable levels by time:
     D:5: 2127 daAuts
    D:10: 1744 daAuts
     D:4: 1361 daAuts
     D:9: 1264 daAuts
     D:6: 1220 daAuts
     D:3: 1082 daAuts
 Ossuary: 993 daAuts
     D:1: 904 daAuts
     D:7: 868 daAuts
     D:8: 835 daAuts
     D:2: 801 daAuts
  Temple: 81 daAuts
